 Dungeon Crawl Stone Soup version 0.26.1-2-gb8aa6d0cf2 (webtiles) character file.

Game seed: 12155925648458456153

1061 H0rd4k the Charlatan (level 8, -8/58 HPs)
             Began as a Human Artificer on Feb 10, 2021.
             Killed from afar by an orc wizard (10 damage)
             ... with a puff of flame
             ... on level 6 of the Dungeon.
             The game lasted 00:09:13 (8289 turns).

H0rd4k the Charlatan (Human Artificer)              Turns: 8289, Time: 00:09:13

Health: -8/58      AC:  4    Str: 17    XL:     8   Next: 52%
Magic:  8/8        EV: 13    Int: 13    God:
Gold:   136        SH:  0    Dex: 14    Spells: 5/7 levels left

rFire    . . .     SeeInvis .   H - +3 falchion "Qaer" {drain, Str+4}
rCold    . . .     Faith    .   (no shield)
rNeg     . . .     Spirit   .   b - +0 leather armour
rPois    +         Reflect  .   (no helmet)
rElec    .         Harm     +   i - scarf {harm}
rCorr    .         Rampage  .   n - +0 pair of gloves
Will     .....                  (no boots)
Stlth    ++........             C - amulet of magic regeneration
HPRegen  0.19/turn              w - ring of poison resistance
MPRegen  0.36/turn              G - ring of wizardry

@: no status effects
A: no striking features
a: no special abilities


You were on level 6 of the Dungeon.
You visited 1 branch of the dungeon, and saw 6 of its levels.

You collected 136 gold pieces.

Inventory:

Hand Weapons
 a - a +0 club
 o - a +0 dagger
 y - a +0 falchion
 H - the +3 falchion "Qaer" (weapon) {drain, Str+4}
   (You found it on level 5 of the Dungeon)

   A truly terrible weapon, it drains the life of those it strikes.
   It affects your strength (+4).
Missiles
 u - 5 poisoned darts (quivered)
Armour
 b - a +0 leather armour (worn)
 i - a scarf of harm (worn)
 n - a +0 pair of gloves (worn)
Jewellery
 f - an uncursed ring of positive energy
 r - an uncursed amulet of faith
 w - a ring of poison resistance (left hand)
 A - an uncursed ring of willpower
 C - an amulet of magic regeneration (around neck)
 G - a ring of wizardry (right hand)
Wands
 c - a wand of flame (5)
 d - a wand of enslavement (3)
 e - a wand of random effects (7)
 M - a wand of disintegration (12)
Scrolls
 h - 5 scrolls of identify
 k - a scroll of magic mapping
 l - a scroll of enchant armour {unknown}
 p - a scroll of teleportation {unknown}
 q - a scroll of blinking {unknown}
 s - a scroll of amnesia {unknown}
 t - a scroll of noise {unknown}
 x - 2 scrolls of remove curse
 D - a scroll of fear {unknown}
 F - a scroll of fog {unknown}
 J - a scroll of enchant weapon {unknown}
 K - a scroll of immolation {unknown}
Potions
 g - a potion of attraction
 j - 2 potions of berserk rage
 m - 2 potions of cancellation
 v - a potion of lignification {unknown}
 z - 2 potions of haste {unknown}
 B - a potion of resistance {unknown}
 E - a potion of flight {unknown}
 I - a potion of degeneration {unknown}
 L - a potion of curing


   Skills:
 + Level 3.1 Fighting
 + Level 1.9(3.4) Short Blades
 + Level 4.4(4.6) Long Blades
 + Level 2.3 Throwing
 + Level 3.8 Armour
 + Level 3.1 Dodging
 + Level 3.5 Stealth
 + Level 4.5 Evocations


You had 5 spell levels left.
You knew the following spells:

 Your Spells              Type           Power        Failure   Level
a - Blink                 Tloc           N/A          22%         2

Your spell library contained the following spells:

 Spells                   Type           Power        Failure   Level
 Magic Dart               Conj           0%           16%         1
 Call Imp                 Summ           0%           22%         2
 Slow                     Hex            0%           22%         2
 Conjure Flame            Conj/Fire      0%           38%         3
 Mephitic Cloud           Conj/Pois/Air  0%           38%         3


Dungeon Overview and Level Annotations

Branches:
Dungeon (6/15)
 Temple: D:4-7

Altars:
Ashenzari
Elyvilon
Fedhas
Makhleb
Qazlal
Ru
Sif Muna
Trog
Wu Jian
Xom
Zin
The Shining One

Annotations:
D:4 2 runed translucent doors, VeinyPole's ghost, amateur DsGl


Message History

Press: ? - help, Shift-Dir - straight line, f/p - hound
Aim: a hound (severely wounded, chance to affect: 67%)
The hound is charmed.
The orc warrior throws a boomerang.
The boomerang closely misses your hound.
The boomerang hits you.
* * * LOW HITPOINT WARNING * * *
The weapon returns to the orc warrior!
The orc warrior throws a boomerang.
The boomerang hits your hound!
Your hound dies!
The orc warrior looks more experienced.
The weapon returns to the orc warrior!
Aiming: Enslavement
Press: ? - help, Shift-Dir - straight line, f - orc warrior
Aim: an orc warrior, wielding a +0 glaive, wearing a cursed +0 chain mail and quivering 8 boomerangs (chance to affect: 59%) Nothing appears to happen.
Unknown command.
A howler monkey zombie comes into view.
You hear some strange, mumbled words.
A puff of flame appears from out of thin air!
The puff of flame hits you!
You die...

..... ... #+ ... #.# ...
#.# #.# ## #.# #.# ..# .
#.####### #.# o..#
.#####......<# #@# ....#
.........#######.###o....#
.................{.ooo...#
......[..#######.###o....#
.........#######.# #####
...>..5.......>#.#
.......Z.......#..
...............###
.................


There were no monsters in sight!

Vanquished Creatures
  Duvessa (D:4)
  Dowan (D:4)
  2 scorpions
  3 wights (D:5)
  A bullfrog zombie (D:6)
  A centaur zombie (D:5)
  2 centaur skeletons
  4 hounds
  An orc priest (D:5)
  A bullfrog skeleton (D:5)
  An iguana (D:5)
  An orc wizard (D:2)
  7 worker ants
  A worker ant zombie (D:5)
  3 gnolls (D:4)
  3 adders
  A white imp (D:6)
  2 dart slugs
  4 leopard geckos
  9 orcs
  3 ball pythons
  4 giant cockroaches
  7 goblins
  6 hobgoblins
  8 jackals
  A quokka (D:5)
  4 bats
  2 frilled lizards
  3 kobolds
  3 rats
90 creatures vanquished.

Vanquished Creatures (collateral kills)
  An orc wizard (D:2)
  A dart slug (D:3)
  2 leopard geckos (D:4)
  5 orcs
  A hobgoblin (D:3)
  2 jackals
  A frilled lizard (D:4)
13 creatures vanquished.

Vanquished Creatures (others)
  A hound (D:6)
  2 orc priests
  A jackal (D:2)
  4 plants (D:5)
8 creatures vanquished.

Grand Total: 111 creatures vanquished

Notes
Turn   | Place    | Note
-------+----------+-------------------------------------------
     0 | D:1      | H0rd4k the Human Artificer began the quest for the Orb.
     0 | D:1      | Reached XP level 1. HP: 15/15 MP: 1/1
   515 | D:1      | Reached XP level 2. HP: 21/21 MP: 2/2
  1620 | D:2      | Reached XP level 3. HP: 23/26 MP: 3/3
  1789 | D:2      | Found a broken altar of Ashenzari.
  1932 | D:2      | HP: 1/26 [jackal (2)]
  2268 | D:2      | Found a blossoming altar of Fedhas.
  2323 | D:2      | Reached XP level 4. HP: 32/32 MP: 4/4
  2514 | D:2      | Found a bloodstained altar of Trog.
  3358 | D:3      | Reached skill level 1 in Short Blades
  3527 | D:3      | Reached XP level 5. HP: 35/37 MP: 5/5
  4232 | D:4      | Found a glowing golden altar of the Shining One.
  4233 | D:4      | Found a shimmering blue altar of Sif Muna.
  4260 | D:4      | Noticed Duvessa
  4275 | D:4      | Noticed Dowan
  4281 | D:4      | Killed Duvessa
  4282 | D:4      | Reached skill level 1 in Long Blades
  4282 | D:4      | Reached skill level 1 in Throwing
  4282 | D:4      | Reached XP level 6. HP: 11/44 MP: 6/6
  4283 | D:4      | Found a sacrificial altar of Ru.
  4528 | D:4      | Killed Dowan
  4530 | D:4      | Found a white marble altar of Elyvilon.
  4788 | D:4      | Learned a level 2 spell: Blink
  4826 | D:4      | Reached XP level 7. HP: 27/50 MP: 7/7
  5383 | D:4      | Found a runed translucent door.
  5385 | D:4      | Noticed VeinyPole's ghost (amateur DsGl)
  5579 | D:4      | Found a stormy altar of Qazlal.
  5579 | D:4      | Found a glowing silver altar of Zin.
  5580 | D:4      | Found a shimmering altar of Xom.
  5580 | D:4      | Found a burning altar of Makhleb.
  6159 | D:4      | Found a runed translucent door.
  6197 | D:4      | Found an ornate altar of the Wu Jian Council.
  6362 | D:5      | Entered Level 5 of the Dungeon
  7144 | D:5      | Reached XP level 8. HP: 24/55 MP: 8/8
  7192 | D:5      | Got a transparent falchion
  7193 | D:5      | Identified the +3 falchion "Qaer" {drain, Str+4} (You found
                  | it on level 5 of the Dungeon)
  8285 | D:6      | HP: 1/58 [orc warrior/boomerang (7)]
  8289 | D:6      | Killed from afar by an orc wizard

Illustrated notes

Levels and vault maps discovered:
D:1:      shiori_arrival_elements, layout_loops_cross
D:2:      layout_loops_ring, lemuel_coloured_pillars_altar,
          general_overflow_altar, nicolae_ashenzari_panopticon,
          minmay_misc_feat_rugged
D:3:      layout_rooms
D:4:      layout_cave_pods, old_standard_altar, grunt_temple_overflow_open,
          ebering_ghost_sewer_f, st_stairs_1, uniq_duvessa
D:5:      corexii_shack_village, layout_basic, serial_bayou_pond_d
D:6:      cheibrodos_fertilizer, layout_basic, lemuel_crystal_altar,
          minmay_temple_entry_hall, minivault_22

Skill      XL: |  1  2  3  4  5  6  7  8 |
---------------+-------------------------+-----
Evocations     | 4 |  4.5
Short Blades   | 1 |  1.9
Long Blades    | 1 3 4 |  4.4
Throwing       | 1 2 |  2.3
Armour         | 3 |  3.8
Dodging        | 2 3 |  3.1
Stealth        | 2 3 |  3.5
Fighting       | 2 3 |  3.1

Action                   |  1- 3 |  4- 6 |  7- 9 || total
-------------------------+-------+-------+-------++-------
Melee: Club              |    63 |       |       ||    63
       Dagger            |    66 |    46 |       ||   112
       Falchion          |       |    86 |   194 ||   280
Throw: Dart              |       |     8 |    22 ||    30
Evoke: Wand              |     6 |    12 |    12 ||    30
  Use: Scroll            |       |     5 |     1 ||     6
       Potion            |       |     1 |     2 ||     3
 Stab: Sleeping          |     3 |       |     5 ||     8
Armor: Leather armour    |    45 |    37 |    32 ||   114
Dodge: Dodged            |    77 |    81 |   140 ||   298
       Rpst.: Falchion   |       |    23 |    39 ||    62
